 Dungeon Crawl Stone Soup version 0.22-a0-274-gf8199ec (webtiles) character file.

3853 neds the Grappler (level 9, -9/76 HPs)
             Began as a Troll Hunter on Mar 14, 2018.
             Was a Believer of the Shining One.
             Mangled by a yak (12 damage)
             ... on level 7 of the Dungeon.
             The game lasted 00:48:47 (7850 turns).

neds the Grappler (Troll Hunter)                    Turns: 7850, Time: 00:48:48

Health: -9/76      AC:  7    Str: 22    XL:     9   Next: 99%
Magic:  9/9        EV: 10    Int: 12    God:    the Shining One [**....]
Gold:   453        SH:  0    Dex: 13    Spells: 10/10 levels left

rFire    . . .     SeeInvis .     - Unarmed
rCold    . . .     Gourm    +   (no shield)
rNeg     + . .     Faith    .   G - +2 robe {MR+}
rPois    .         Spirit   .   (helmet restricted)
rElec    .         Reflect  .   (no cloak)
rCorr    .         Harm     .   (gloves unavailable)
MR       +....                  (boots unavailable)
Stlth    +.........             (no amulet)
HPRegen  0.62/turn              l - +5 ring of intelligence
MPRegen  0.11/turn              D - ring of wizardry

@: glowing
A: large, unfitting armour, claws 3, fast metabolism 3, gourmand, regeneration
1, shaggy fur 1, tough skin 2
a: Divine Shield, Renounce Religion


You were on level 7 of the Dungeon.
You worshipped the Shining One.
The Shining One was pleased with you.
You were not hungry.

You visited 1 branch of the dungeon, and saw 8 of its levels.
You also visited: Sewer and Ossuary.

You collected 453 gold pieces.

Inventory:

Hand Weapons
 a - a +0 short sword
 n - a +0 blowgun
 F - a +1 spear of venom
 I - a +3 halberd of freezing
 K - the +8 longbow "Zephyr" {speed, Dex+3 SInv}
   (You found it on level 7 of the Dungeon)

   Attacks with this weapon are significantly faster.
   It affects your dexterity (+3).
   It lets you see invisible.
Missiles
 c - 12 large rocks (quivered)
 d - 3 throwing nets
 o - 66 poisoned needles
Armour
 b - a +0 robe
 h - a cursed +0 cloak
 A - a +1 animal skin
 G - a +2 robe of magic resistance (worn)
Jewellery
 l - a +5 ring of intelligence (left claw)
 B - an uncursed amulet of faith
 D - a ring of wizardry (right claw)
 J - an uncursed ring of wizardry
 Q - an uncursed ring of ice {unknown}
Wands
 v - a wand of polymorph (5)
 w - a wand of paralysis (13)
Scrolls
 g - 3 scrolls of identify
 j - 3 scrolls of enchant armour
 k - 7 scrolls of immolation
 m - 9 scrolls of teleportation
 u - 4 scrolls of remove curse
 x - 4 scrolls of random uselessness
 y - 3 scrolls of noise
 H - a scroll of enchant weapon
 M - 2 scrolls of amnesia
 O - 2 scrolls of brand weapon
Potions
 e - 4 potions of agility
 i - 7 potions of curing
 p - 2 potions of ambrosia
 q - 2 potions of heal wounds
 r - a potion of invisibility {unknown}
 s - 2 potions of might {unknown}
 t - a potion of flight {unknown}
 z - 2 potions of resistance {unknown}
 C - 3 potions of brilliance
 E - a potion of mutation {unknown}
 L - 7 potions of degeneration
 N - 2 potions of lignification {unknown}
 R - a potion of haste {unknown}
 S - a potion of magic {unknown}
Comestibles
 f - 12 rations


   Skills:
 - Level 1.5 Fighting
 - Level 5.2 Throwing
 + Level 2.5 Dodging
 - Level 0.3 Stealth
 + Level 12.8 Unarmed Combat
 + Level 1.1 Spellcasting


You had 10 spell levels left.
You didn't know any spells.

Dungeon Overview and Level Annotations

Branches:
Dungeon (8/15)             Temple (0/1) D:6
   Lair: D:8-11

Altars:
Ashenzari
Cheibriados
Fedhas
Kikubaaqudgha
Qazlal
Sif Muna
Trog
Uskayaw
Xom
Zin
The Shining One

Shops:
D:3 *


Innate Abilities, Weirdness & Mutations

You are too large for most types of armour.
You have claws for hands.
Your metabolism is lightning-fast.
You like to eat raw meat.
Your natural rate of healing is unusually fast.
You are covered in fur. (AC +1)
You have very tough skin. (AC +2)


Message History

The ice beast misses you.
The quokka bites you but does no damage.
The yak gores you! The wight hits you with a battleaxe!
There is a stone staircase leading up, spattered with blood here.
The ice beast hits you. The ice beast freezes you!
* * * LOW HITPOINT WARNING * * *
The quokka barely misses you. The yak closely misses you.
You climb upwards.
There is a stone staircase leading down here.
As you read the scroll labeled ZAOCO HONAZEODD, it crumbles to dust.
It is a scroll of brand weapon.
Your +3 halberd is covered with a thin layer of ice!
I - a +3 halberd of freezing The quokka barely misses you.
The wight closely misses you. The yak gores you!
* * * LOW HITPOINT WARNING * * *
As you read the scroll labeled WOENNINKOU, it crumbles to dust.
The scroll dissolves into smoke.
It was a scroll of fog.
The quokka bites you.
* * * LOW HITPOINT WARNING * * *
The wight barely misses you. The yak gores you!
You die...

#. ## #
##################
#@YY...(..........
#zr§..............
#§########≈≈.≈≈###
#.........≈#'#≈[.#
#########..'_'...#
##≈#+#≈#.#
#≈≈.≈≈..#
###...... #######


You could see a yak, an ice beast, a wight and a quokka.

Vanquished Creatures
  Sigmund (D:3)
  4 orc warriors
  2 ice beasts
  A phantom (D:2)
  2 ogres
  4 centaurs
  3 big kobolds
  4 bullfrogs
  A scorpion (D:6)
  2 killer bees
  3 howler monkeys (D:7)
  3 wights (D:7)
  A crimson imp (D:5)
  A centaur zombie (Ossuary)
  A human zombie (Ossuary)
  2 hounds
  Crazy Yiuf (D:3)
  6 orc priests
  3 jellies
  Ijyb (D:4)
  3 gnoll shamans (D:6)
  3 iguanas (D:5)
  4 orc wizards
  5 worker ants
  A big kobold zombie (Ossuary)
  A hound skeleton (D:4)
  A hound zombie (D:5)
  4 mummies (Ossuary)
  Robin (D:4)
  2 worker ant zombies (D:5)
  47 gnolls
  9 adders
  A shadow imp (D:5)
  An ooze (D:3)
  An adder skeleton (D:4)
  4 dart slugs
  11 leopard geckos
  19 orcs
  8 bats
  6 giant cockroaches
  A gnoll zombie (Ossuary)
  16 goblins
  6 hobgoblins
  18 jackals
  2 quokkas
  5 ball pythons
  7 frilled lizards
  2 goblin zombies (Ossuary)
  A hobgoblin zombie (Ossuary)
  19 kobolds
  An orc zombie (Ossuary)
  8 rats
264 creatures vanquished.

Notes
Turn   | Place    | Note
-------+----------+-------------------------------------------
     0 | D:1      | neds the Troll Hunter began the quest for the Orb.
     0 | D:1      | Reached XP level 1. HP: 19/19 MP: 0/0
   146 | D:1      | Reached skill level 1 in Unarmed Combat
   334 | D:1      | Reached XP level 2. HP: 24/27 MP: 1/1
   745 | D:2      | Reached XP level 3. HP: 32/33 MP: 2/2
   790 | D:2      | Reached skill level 2 in Unarmed Combat
   835 | D:2      | Noticed a phantom
   859 | D:2      | Killed a phantom
   859 | D:2      | Reached skill level 3 in Unarmed Combat
   859 | D:2      | Reached XP level 4. HP: 31/41 MP: 3/3
   984 | D:2      | Reached XP level 5. HP: 48/48 MP: 4/4
  1301 | D:3      | Found a stormy altar of Qazlal.
  1308 | D:3      | Found a blossoming altar of Fedhas.
  1320 | D:3      | Reached skill level 5 in Throwing
  1422 | D:3      | Found a glowing drain.
  1455 | Sewer    | Entered a sewer
  1535 | Sewer    | Reached skill level 4 in Unarmed Combat
  1535 | Sewer    | Reached XP level 6. HP: 52/55 MP: 5/5
  1594 | Sewer    | Reached skill level 5 in Unarmed Combat
  1929 | D:3      | Found a runed door.
  1933 | D:3      | Noticed Crazy Yiuf
  1934 | D:3      | Killed Crazy Yiuf
  2098 | D:3      | Found a shattered altar of Ashenzari.
  2122 | D:3      | Found Zin's Purification Station.
  2127 | D:3      | Found a glowing silver altar of Zin.
  2445 | D:3      | Found an ancient bone altar of Kikubaaqudgha.
  2465 | D:3      | Noticed Sigmund
  2644 | D:3      | Killed Sigmund
  2644 | D:3      | Reached skill level 6 in Unarmed Combat
  2644 | D:3      | Reached XP level 7. HP: 60/62 MP: 6/6
  3045 | D:4      | Reached skill level 7 in Unarmed Combat
  3108 | D:4      | Found a glowing golden altar of the Shining One.
  3113 | D:4      | Became a worshipper of the Shining One
  3490 | D:4      | Reached skill level 8 in Unarmed Combat
  3501 | D:4      | Noticed Ijyb
  3598 | D:4      | Killed Ijyb
  3786 | D:4      | Noticed Robin
  3816 | D:3      | Reached XP level 8. HP: 69/70 MP: 7/7
  3857 | D:4      | Killed Robin
  3970 | D:4      | Found a snail-covered altar of Cheibriados.
  4211 | D:5      | Entered Level 5 of the Dungeon
  4308 | D:5      | Reached skill level 9 in Unarmed Combat
  4797 | D:5      | Found a deep blue altar of Sif Muna.
  4897 | D:5      | Reached * piety under the Shining One
  4958 | D:6      | Found a staircase to the Ecumenical Temple.
  4986 | D:6      | Reached skill level 10 in Unarmed Combat
  5017 | D:6      | Found a hide-covered altar of Uskayaw.
  5017 | D:6      | Noticed a hand axe
  5018 | D:6      | Noticed a hand axe
  5029 | D:6      | HP: 3/70 [something] (8)]
  5444 | D:6      | Reached XP level 9. HP: 76/76 MP: 8/8
  5678 | D:6      | Reached skill level 11 in Unarmed Combat
  6063 | D:6      | Noticed an orc knight
  6630 | D:7      | Reached skill level 12 in Unarmed Combat
  6837 | D:7      | Found the +8 longbow "Zephyr" {speed, Dex+3 SInv}
  6855 | D:7      | Found a sand-covered staircase.
  6916 | Ossuary  | Entered an ossuary
  7024 | Ossuary  | Reached ** piety under the Shining One
  7326 | D:7      | Found a shimmering altar of Xom.
  7464 | D:7      | Found a bloodstained altar of Trog.
  7667 | D:8      | Reached skill level 1 in Spellcasting
  7850 | D:7      | HP: 3/76 [quokka (3)]
  7850 | D:7      | Mangled by a yak

Vault maps used:
D:1:      dpeg_arrival_solitude, minmay_tetromino_l2
D:3:      grunt_temple_overflow_forces_of_nature, lemuel_crystal_altar,
          overflow_temple_1_default, zin_purify, portal_sewer_entry_f,
          first_ration, hangedman_abyss_or_decor_stabs,
          kennysheep_generic_room_13, uniq_sigmund, uniq_crazy_yiuf_cottage
D:4:      kennysheep_slug_shrine, kennysheep_little_box,
          minmay_misc_feat_rugged, guppyfry_early_orc_mine, uniq_robin,
          uniq_ijyb
D:5:      tgw_sif
D:6:      lemuel_castle_with_subvaults, dancing_weapons_uskayaw, temple_statues
D:7:      kennysheep_mini_moat, marbit_many_paths, enter_ossuary_1
D:8:      serial_ice, serial_ice_k, serial_ice_e, serial_ice_n, serial_ice_f
Sewer:    kennysheep_pipe_town
Ossuary:  ossuary_crypta

Skill      XL: |  1  2  3  4  5  6  7  8  9 |
---------------+----------------------------+-----
Unarmed Combat | 1 3 4 6 8 10 12 | 12.8
Throwing       | 4 5 |  5.2
Dodging        | 2 |  2.5
Spellcasting   | 1 |  1.1
Fighting       | |  1.5
Stealth        | |  0.3

Action                   |  1- 3 |  4- 6 |  7- 9 || total
-------------------------+-------+-------+-------++-------
Melee: Unarmed           |    79 |   193 |   382 ||   654
       Punch             |     1 |     2 |    18 ||    21
Throw: Large rock        |     3 |     5 |    11 ||    19
  Use: Scroll            |       |     7 |    11 ||    18
       Potion            |       |       |     1 ||     1
 Stab: Sleeping          |     1 |     1 |       ||     2
  Eat: Chunk             |    13 |    15 |    45 ||    73
Armor: Robe              |    36 |    69 |    58 ||   163
       Animal skin       |       |       |    36 ||    36
Dodge: Dodged            |    42 |    86 |   150 ||   278

Table legend:
 A = Spawn XP
 B = Non-spawn XP
 C = Spawn XP percentage of total XP
 D = Spawn monster count
 E = Non-spawn monster count
 F = Spawn count percentage of total count
 G = Total turns spent on level
                    A         B        C        D         E        F      G
               +---------+---------+-------+---------+---------+-------+---------
         Total |       0 |    5505 |   0.0 |       0 |     264 |   0.0 |  7850
               +---------+---------+-------+---------+---------+-------+---------
           D:1 |       0 |      36 |   0.0 |       0 |      19 |   0.0 |   737
           D:2 |       0 |     205 |   0.0 |       0 |      21 |   0.0 |   636
           D:3 |       0 |     503 |   0.0 |       0 |      34 |   0.0 |  1545
           D:4 |       0 |     502 |   0.0 |       0 |      31 |   0.0 |   954
           D:5 |       0 |     757 |   0.0 |       0 |      20 |   0.0 |   788
           D:6 |       0 |    1447 |   0.0 |       0 |      69 |   0.0 |  1640
           D:7 |       0 |    1335 |   0.0 |       0 |      30 |   0.0 |   964
           D:8 |       0 |     293 |   0.0 |       0 |       4 |   0.0 |    25
         Sewer |       0 |     228 |   0.0 |       0 |      24 |   0.0 |   339
       Ossuary |       0 |     199 |   0.0 |       0 |      12 |   0.0 |   222
               +---------+---------+-------+---------+---------+-------+---------
